 Dungeon Crawl Stone Soup version 0.25.1-2-g60ff931df9 (webtiles) character file.

Game seed: 10129804176436747833

8836 Delamore the Basher (level 11, -6/60 HPs)
             Began as a Gargoyle Fighter on Aug 20, 2020.
             Was a High Priest of Okawaru.
             Mangled by a death yak (19 damage)
             ... on level 10 of the Dungeon.
             The game lasted 00:10:25 (9421 turns).

Delamore the Basher (Gargoyle Fighter)              Turns: 9421, Time: 00:10:25

Health: -6/60      AC: 23    Str: 22    XL:     11   Next: 37%
Magic:  5/11       EV:  7    Int: 10    God:    Okawaru [*****.]
Gold:   347        SH:  6    Dex:  9    Spells: 10/10 levels left

rFire    . . .     SeeInvis .   B - +2 mace of Bemumm {freeze, +Fly}
rCold    . . .     Gourm    .   s - +0 buckler
rNeg     + . .     Faith    +   N - +0 chain mail
rPois    ∞         Spirit   .   u - +0 helmet
rElec    +         Reflect  .   y - +1 cloak
rCorr    .         Harm     .   A - +1 pair of gloves
MR       .....                  R - +0 pair of boots
Stlth    ..........             K - amulet of faith
HPRegen  0.20/turn              (no ring)
MPRegen  0.12/turn              (no ring)

@: no status effects
A: negative energy resistance 1, electricity resistance, unbreathing,
petrification resistance, rot immunity, AC +8
a: Heroism, Finesse, Renounce Religion, Evoke Flight


You were on level 10 of the Dungeon.
You worshipped Okawaru.
Okawaru was extremely pleased with you.
You were hungry.

You visited 2 branches of the dungeon, and saw 11 of its levels.

You collected 507 gold pieces.
You spent 160 gold pieces at shops.

Inventory:

Hand Weapons
 B - the +2 mace of Bemumm (weapon) {freeze, +Fly}
   (You bought it in a shop on level 4 of the Dungeon)

   It has been specially enchanted to freeze those struck by it, causing extra
   injury to most foes and up to half again as much damage against particularly
   susceptible opponents.
   It can also slow down cold-blooded creatures.
   It lets you fly.
Missiles
 b - 5 javelins (quivered)
 D - 4 atropa-tipped darts
Armour
 c - a +0 kite shield
 s - a +0 buckler (worn)
 u - a +0 helmet (worn)
 y - a +1 cloak (worn)
 A - a +1 pair of gloves (worn)
 N - a +0 chain mail (worn)
 R - a +0 pair of boots (worn)
Jewellery
 F - the amulet of Vitality {Regen+ HP+15}
   (You found it on level 5 of the Dungeon)

   [amulet of regeneration]

   It affects your health (+15).
   It increases your rate of regeneration.
 K - an amulet of faith (around neck)
Wands
 r - a wand of paralysis (12)
 O - a wand of polymorph (10)
 P - a wand of flame (35)
Scrolls
 a - 2 scrolls of fear
 h - 8 scrolls of teleportation {unknown}
 k - 2 scrolls of random uselessness {unknown}
 l - 5 scrolls of remove curse
 m - a scroll of enchant armour {unknown}
 n - 4 scrolls of amnesia {unknown}
 o - a scroll of fog {unknown}
 v - 2 scrolls of immolation {unknown}
 x - 2 scrolls of noise
 C - 3 scrolls of enchant weapon {unknown}
 E - 3 scrolls of magic mapping {unknown}
 L - 2 scrolls of blinking {unknown}
 M - 2 scrolls of identify
Potions
 d - 4 potions of might
 e - 2 potions of haste
 g - 4 potions of curing
 j - 2 potions of stabbing
 p - 3 potions of heal wounds {unknown}
 q - a potion of mutation {unknown}
 t - a potion of resistance {unknown}
 z - 3 potions of magic {unknown}
 H - 2 potions of lignification {unknown}
 I - a potion of cancellation {unknown}
 J - a potion of flight {unknown}
Comestibles
 f - 22 rations
 i - a chunk of flesh


   Skills:
 - Level 3.2 Fighting
 - Level 14.0 Maces & Flails
 - Level 3.2 Armour
 + Level 11.1 Shields


You had 10 spell levels left.
You didn't know any spells.
Your spell library contained the following spells:

 Spells                   Type           Power        Failure   Level  Hunger
 Beastly Appendage        Tmut           #.....       97%         1    ##.....
 Sticks to Snakes         Tmut           #.......     99%         2    ###....
 Spider Form              Tmut/Pois      #.........   100%        3    ####...
 Ice Form                 Ice/Tmut       #.......     100%        4    #####..
 Blade Hands              Tmut           #.........   100%        5    ######.


Dungeon Overview and Level Annotations

Branches:
Dungeon (10/15)            Temple (1/1) D:7             Orc (0/2) D:10
   Lair: D:8-11

Altars:
Ashenzari
Cheibriados
Dithmenos
Elyvilon
Fedhas
Gozag
Hepliaklqana
Kikubaaqudgha
Makhleb
Nemelex Xobeh
Okawaru
Qazlal
Ru
Sif Muna
Trog
Uskayaw
Vehumet
Wu Jian
Xom
Yredelemnul
Zin
The Shining One

Shops:
D:4 (   D:6 }   D:7 [   D:8 [*(


Innate Abilities, Weirdness & Mutations

You are resistant to torment.
Your stone body is resilient. (AC +8)
You are immune to poison.
You resist negative energy. (rN+)
You are resistant to electric shocks. (rElec)
You can survive without breathing.
You are immune to petrification.
You are immune to rotting.


Message History

You feel like a meek peon again. The death yak closely misses you.
You sock the death yak! You freeze the death yak.
You kill the death yak!
Okawaru is honoured by your kill.
Your Shields skill increases to level 11!
You barely miss the death yak.
The death yak gores you but does no damage.
You hit the death yak. You freeze the death yak.
The death yak is lightly wounded.
The death yak gores you but does no damage.
You hit the death yak but do no damage.
The death yak is lightly wounded.
You hit the death yak. You freeze the death yak.
The death yak is lightly wounded.
The death yak barely misses you.
You barely miss the death yak.
The death yak is lightly wounded.
The death yak gores you!!
You die... #..l##..! ####.#.##. ........ #....#(##. ......? #.#....##.
YY...

# #......... ... .#
#..#.##### ####.# #.#
#..#.# #....###.# #..#.#
#...YYYY## #<.#.#####
#...####@# #..#(.).((
##.## ##.# ##..#######
#.# ## #.....# #.#
#.....#####
#.############........)#
#...<.......##.....###.#
###########.##.....#
#.....#### #######


You could see 4 death yaks.

Vanquished Creatures
  2 death yaks (D:10)
  2 two-headed ogres (D:10)
  An unseen horror (D:8)
  A troll (D:9)
  2 hornets (D:9)
  Grinder (D:3)
  A hippogriff (D:7)
  A wraith (D:10)
  A human (D:7)
  A wyvern (D:9)
  2 yaks (D:7)
  2 hogs (D:7)
  A warg (D:10)
  A water moccasin (D:9)
  2 sky beasts
  2 orc warriors
  A black bear (D:7)
  2 ice beasts (D:6)
  2 phantoms
  3 centaurs
  6 ogres
  A crocodile (D:8)
  2 bullfrogs
  3 scorpions
  3 wights (D:7)
  2 howler monkeys
  An electric eel (D:10)
  5 bullfrog zombies
  3 crimson imps
  A quasit (D:7)
  A jelly (D:8)
  A gnoll shaman (D:7)
  5 orc priests
  A centaur zombie (D:8)
  4 hounds
  6 orc wizards
  3 bullfrog skeletons
  Jessica (D:2)
  3 iguanas
  7 worker ants
  A hound zombie (D:8)
  A howler monkey zombie (D:7)
  Robin (D:2)
  7 gnolls
  7 adders
  2 oozes
  6 worms
  3 dart slugs
  9 leopard geckos
  33 orcs
  7 giant cockroaches
  18 goblins
  10 hobgoblins
  6 jackals
  12 kobolds
  4 quokkas
  2 ball pythons
  9 bats
  4 frilled lizards
  A leopard gecko skeleton (D:4)
  A quokka skeleton (D:8)
  10 rats
244 creatures vanquished.

Notes
Turn   | Place    | Note
-------+----------+-------------------------------------------
     0 | D:1      | Delamore the Gargoyle Fighter began the quest for the Orb.
     0 | D:1      | Reached XP level 1. HP: 14/14 MP: 1/1
    42 | D:1      | Reached XP level 2. HP: 19/19 MP: 2/2
   175 | D:1      | Reached skill level 3 in Maces & Flails
   341 | D:1      | Reached XP level 3. HP: 21/23 MP: 3/3
  1046 | D:2      | Reached skill level 4 in Maces & Flails
  1205 | D:2      | Noticed Jessica
  1207 | D:2      | Reached XP level 4. HP: 28/28 MP: 4/4
  1217 | D:2      | Killed Jessica
  1502 | D:2      | Noticed Robin
  1516 | D:2      | Killed Robin
  1535 | D:2      | Reached XP level 5. HP: 26/32 MP: 5/5
  1780 | D:3      | Noticed Grinder
  1798 | D:3      | Paralysed by Grinder for 7 turns
  1820 | D:3      | Killed Grinder
  1820 | D:3      | Reached skill level 6 in Maces & Flails
  1820 | D:3      | Reached XP level 6. HP: 23/37 MP: 6/6
  2174 | D:3      | Found a radiant altar of Vehumet.
  2817 | D:3      | Noticed a moth of wrath
  2819 | D:3      | Found a bloodstained altar of Trog.
  3264 | D:4      | Reached skill level 7 in Maces & Flails
  3264 | D:4      | Reached XP level 7. HP: 41/41 MP: 7/7
  3321 | D:4      | Found Okoemoxo's Antique Weapon Shop.
  3371 | D:4      | Bought a bloodstained mace for 160 gold pieces
  3371 | D:4      | Identified the cursed +2 mace of Bemumm {freeze, +Fly} (You
                  | bought it in a shop on level 4 of the Dungeon)
  3375 | D:4      | Found a sacrificial altar of Ru.
  3499 | D:4      | Found an ancient bone altar of Kikubaaqudgha.
  4076 | D:5      | Entered Level 5 of the Dungeon
  4138 | D:5      | Reached skill level 8 in Maces & Flails
  4388 | D:5      | Found a shattered altar of Ashenzari.
  4400 | D:5      | Reached XP level 8. HP: 44/46 MP: 8/8
  4420 | D:5      | Found a snail-covered altar of Cheibriados.
  4448 | D:5      | Reached skill level 9 in Maces & Flails
  4607 | D:5      | Found the amulet of Vitality {Regen+ HP+15}
  5080 | D:6      | Reached skill level 10 in Maces & Flails
  5240 | D:6      | Found Zabebaf's Gadget Shop.
  5301 | D:6      | Reached skill level 11 in Maces & Flails
  5301 | D:6      | Reached XP level 9. HP: 51/51 MP: 9/9
  5844 | D:7      | Found Umius's Armour Shoppe.
  5857 | D:7      | Found a staircase to the Ecumenical Temple.
  5871 | Temple   | Entered the Ecumenical Temple
  5998 | Temple   | Became a worshipper of Warmaster Okawaru
  6052 | D:7      | Reached skill level 12 in Maces & Flails
  6181 | D:7      | Found a basalt altar of Yredelemnul.
  6472 | D:7      | Reached * piety under Okawaru
  6472 | D:7      | Reached skill level 13 in Maces & Flails
  6488 | D:7      | Reached XP level 10. HP: 14/56 MP: 10/10
  6751 | D:8      | Found Xuitub's Antique Armour Emporium.
  6767 | D:8      | Found Foucynesm's Assorted Antiques.
  6923 | D:8      | Found Ahool's Weapon Shoppe.
  7052 | D:8      | Killed an unseen horror
  7052 | D:8      | Reached ** piety under Okawaru
  7052 | D:8      | Reached skill level 14 in Maces & Flails
  7469 | D:9      | Reached skill level 5 in Shields
  7786 | D:9      | Found an opulent altar of Gozag.
  7793 | D:9      | Found a hazy altar of Hepliaklqana.
  7800 | D:9      | Found a shimmering blue altar of Sif Muna.
  7805 | D:9      | Found a stormy altar of Qazlal.
  7812 | D:9      | Found a shadowy altar of Dithmenos.
  7817 | D:9      | Found an ornate altar of the Wu Jian Council.
  7828 | D:9      | Found a white marble altar of Elyvilon.
  8058 | D:9      | Reached *** piety under Okawaru
  8340 | D:10     | Entered Level 10 of the Dungeon
  8391 | D:10     | Noticed a two-headed ogre
  8402 | D:10     | Killed a two-headed ogre
  8688 | D:10     | Noticed a two-headed ogre
  8707 | D:10     | Killed a two-headed ogre
  8707 | D:10     | Reached **** piety under Okawaru
  8707 | D:10     | Reached XP level 11. HP: 44/60 MP: 11/11
  8714 | D:10     | Reached ***** piety under Okawaru
  8860 | D:10     | Reached skill level 10 in Shields
  9219 | D:10     | Received a gift from Okawaru
  9235 | D:10     | Found a staircase to the Orcish Mines.
  9371 | D:10     | Noticed a death yak
  9372 | D:10     | Noticed a death yak
  9372 | D:10     | Noticed a death yak
  9372 | D:10     | Noticed a death yak
  9383 | D:10     | Noticed a death yak
  9387 | D:10     | Noticed a death yak
  9401 | D:10     | Killed a death yak
  9401 | D:10     | Received a gift from Okawaru
  9416 | D:10     | Killed a death yak
  9421 | D:10     | Mangled by a death yak

Illustrated notes

Levels and vault maps discovered:
D:1:      heliophobic_arrival_battle_scene, layout_basic, minmay_tiny_reverse_x
D:2:      minmay_inner_zag, layout_basic, uniq_robin, uniq_jessica
D:3:      layout_loops_ring, tgw_trog, lemuel_round_altar, uniq_grinder
D:4:      layout_basic, lemuel_doored_altar,
          nicolae_ru_great_annihilating_truth, first_ration, serial_shops, shop
D:5:      layout_basic, nicolae_overflow_crystal_walls, cheibriados_altar_1
D:6:      layout_loops_cross, serial_shops, shop, st_stairs_11
D:7:      layout_gridville, yredelemnul_altar_generic,
          minmay_temple_entry_large_hall, serial_shops,
          nicolae_shop_behind_doors, grunt_livestock
D:8:      layout_loops_ring, serial_shops, shop, shop_fountains, shop_fountains,
          kennysheep_small_circle
D:9:      layout_small_grid, grunt_temple_overflow_octagram,
          kennysheep_generic_room_9
D:10:     layout_loops_ring, dpeg_lair_monsters, erik_orc_3,
          chequers_serial_rivers_large_a, serial_bayou_ford_a,
          minmay_misc_feat_hallway
Temple:   nicolae_temple_figure_zero

Skill      XL: |  1  2  3  4  5  6  7  8  9 10 11 |
---------------+----------------------------------+-----
Maces & Flails | 3 4 6 7 8 11 13 14 | 14.0
Shields        | 4 9 11 | 11.1
Fighting       | |  3.2
Armour         | |  3.2

Action                   |  1- 3 |  4- 6 |  7- 9 | 10-12 || total
-------------------------+-------+-------+-------+-------++-------
Melee: Flail             |   173 |   203 |    12 |       ||   388
       Mace              |       |       |   429 |   339 ||   768
Throw: Dart              |       |    10 |       |     1 ||    11
       Javelin           |       |     3 |     2 |     9 ||    14
Invok: Heroism           |       |       |       |     1 ||     1
       Finesse           |       |       |       |     1 ||     1
  Use: Scroll            |       |       |     7 |       ||     7
 Stab: Paralysed         |       |       |     1 |       ||     1
  Eat: Chunk             |     1 |     7 |    11 |     9 ||    28
Armor: Scale mail        |   117 |   122 |   208 |    40 ||   487
       Chain mail        |       |       |       |   114 ||   114
Dodge: Dodged            |    85 |    90 |   151 |    62 ||   388
Block: Kite shield       |   114 |       |       |       ||   114
       Buckler           |     4 |    44 |    67 |    48 ||   163
